Map: Abiogénesis EJ

Players

Drizzt

  • Race: Terran Terran
  • Spawn Location: 5:00

IA (Muy fácil) 1 - Winner!

  • Race: Terran Terran
  • Spawn Location: 11:00

VOD

Have the link to the VOD?

Description

Espiamos con 2 reapers, mientras construimos la expansión en nuestra base para estar seguros, y luego atacamos con Tanque-Marine-Medevac

Time

  • Played on: May 9, 2018, 12:28 p.m.
  • Length: 4:37
Show
View Real Time Build Order
Export as new Build Order

Drizzt Terran 

Build Orders: Reaper Expand 

Get SALT Encoding   

  12  0:02  SCV  
  13  0:14  SCV  
  13  0:18  Supply Depot  
  14  0:26  SCV  
  15  0:39  SCV  
  15  0:41  Barracks  
  16  0:51  SCV  
  16  0:52  Refinery  
  17  1:04  SCV  
  18  1:16  SCV  
  19  1:29  Orbital Command  
  19  1:42  Command Center  
  19  1:46  Reaper  
  20  1:52  Supply Depot  
  20  1:58  SCV  
  21  2:10  SCV  
  22  2:18  Reaper, Refinery  
  22  2:22  SCV  
  24  2:34  SCV  
  25  2:39  Factory  
  25  2:46  SCV  
  25  2:51  Barracks Tech Lab  
  26  2:57  Orbital Command  
  26  2:58  SCV  
  27  3:05  Engineering Bay  
  27  3:14  SCV  
  27  3:18  Barracks Tech Lab  
  28  3:21  Orbital Command  
  28  3:24  Starport  
  28  3:36  Siege Tank  
  31  3:47  Marine  
  32  3:50  SCV  
  33  4:05  Marine  
  34  4:11  Bunker  
  34  4:15  Barracks  
  34  4:20  Barracks  
  34  4:21  SCV  
Show
View Real Time Build Order
Export as new Build Order

IA (Muy fácil) 1 Terran - Winner!

Build Orders:  

Get SALT Encoding   

  12  0:00  SCV  
  13  0:13  SCV  
  14  0:18  Supply Depot  
  14  0:36  Refinery  
  14  0:41  Barracks  
  14  1:05  Supply Depot  
  14  1:12  Refinery  
  14  1:28  Marine  
  14  1:30  Orbital Command  
  15  1:56  SCV  
  16  2:08  SCV  
  16  2:14  Marine  
  18  2:20  SCV  
  19  2:33  Barracks Tech Lab, SCV  
  20  2:45  SCV  
  21  2:57  SCV  
  22  3:01  Marauder  
Tags
 
Matchup
TvT
Race
Terran
Spawn Locations
Cross Positions
Add a new tag
Caveats
  • Supply blocks, unpowered buildings, or Contaminate may cause inaccurate times.
  • Supply counts are checked every 10 seconds.